[Event "Titled Tuesday Blitz January 10 Late 2023"]
[White "Gutkin, Ilya"]
[Black "Papasimakopoulos, Alexandros"]
[WhiteFideId "16203470"]
[BlackFideId "4244125"]
[WhiteElo "2273"]
[BlackElo "2401"]
[Result "0-1"]
[Round "02"]
[TimeControl "180+2"]
[Date "2023.01.10"]
[WhiteClock "0:00:02"]
[BlackClock "0:00:05"]

1. Nf3 f5 2. b3 d6 3. d4 Nf6 4. Bb2 e6 5. g3 b6 6. Bg2 Bb7 7. O-O Nc6 8. c4 Ne7 9. Re1 Qd7 10. Nc3 Ne4 11. Qc2 Nxc3 12. Bxc3 Be4 13. Qb2 h6 14. Rad1 g5 15. d5 e5 16. Bf1 f4 17. Nd2 Bf5 18. e3 fxg3 19. fxg3 h5 20. Bg2 h4 21. Nf1 Bh3 22. b4 Bxg2 23. Qxg2 Qg4 24. e4 h3 25. Qe2 Qxe2 26. Rxe2 g4 27. Ne3 Rg8 28. Rf1 a5 29. bxa5 bxa5 30. Rb2 Bh6 31. Nf5 Nxf5 32. Rxf5 Be3+ 33. Kf1 a4 34. Rb7 Kd8 35. Rf7 Bb6 36. c5 Kc8 37. c6 Rb8 38. Rxb8+ Kxb8 39. Be1 Ka7 40. Bf2 Ka6 41. Bxb6 Kxb6 42. Kf2 Ra8 43. Ke3 Ra5 44. Rg7 Rb5 45. Rxg4 Rb2 46. Rh4 Rxh2 47. g4 Rxa2 48. g5 Rg2 49. Rxh3 a3 50. Kf3 Rg1 51. Rh2 Kb5 52. g6 Kb4 53. Rg2 Rf1+ 54. Ke2 Rf8 55. Kd3 Kb3 56. g7 Rg8 57. Rg3 a2 58. Rg1 Rxg7 59. Rxg7 a1=Q 60. Rxc7 Qd4+ 61. Ke2 Qxe4+ 62. Kf2 Qxd5 63. Rb7+ Kc3 64. Rb6 Qc5+ 0-1


[Site "https://www.chess.com"]

[Event "Titled Tuesday Blitz January 10 Late 2023"]
[White "Rose, Felix"]
[Black "Sokolovsky, Yahli"]
[WhiteFideId "5105722"]
[BlackFideId "2820242"]
[WhiteElo "2091"]
[BlackElo "2461"]
[Result "0-1"]
[Round "02"]
[TimeControl "180+2"]
[Date "2023.01.10"]
[WhiteClock "0:00:11"]
[BlackClock "0:00:37"]

1. e4 g6 2. d4 Bg7 3. Nf3 d6 4. Nc3 a6 5. a4 b6 6. Be3 Bb7 7. Be2 Nf6 8. e5 Nfd7 9. Bf4 Nc6 10. e6 f6 11. exd7+ Qxd7 12. Qd2 g5 13. Be3 h5 14. h4 g4 15. Nh2 e5 16. dxe5 fxe5 17. Nf1 Nd4 18. Rg1 Bf6 19. Bd3 Bxh4 20. Bg6+ Kf8 21. Bh6+ Kg8 22. Bg5 Bxg5 23. Qxg5 Qg7 24. O-O-O Rh6 25. Ng3 Qxg6 26. Qxg6+ Rxg6 27. Nxh5 Rf8 28. Rd2 Rh6 29. Ng3 Rh2 30. Nce4 Rf4 31. f3 gxf3 32. gxf3 Rxd2 33. Nxd2 Kf7 34. Kd1 Nxf3 35. Nxf3 Bxf3+ 36. Kd2 Rxa4 37. Nf1 Rg4 38. Rxg4 Bxg4 39. Ne3 Be6 40. b3 a5 41. c3 Bxb3 0-1


[Site "https://www.chess.com"]

[Event "Titled Tuesday Blitz January 10 Late 2023"]
[White "Jaferian, Koosha"]
[Black "Silva, Caio Henrique Angelico"]
[WhiteFideId "12507440"]
[BlackFideId "22777210"]
[WhiteElo "2233"]
[BlackElo "2129"]
[Result "1-0"]
[Round "02"]
[TimeControl "180+2"]
[Date "2023.01.10"]
[WhiteClock "0:02:17"]
[BlackClock "0:01:04"]

1. Nf3 Nf6 2. b3 g6 3. Bb2 Bg7 4. g3 O-O 5. Bg2 d5 6. c4 c5 7. cxd5 Nxd5 8. Bxg7 Kxg7 9. Qc1 Qd6 10. Nc3 Nxc3 11. Qxc3+ f6 12. d4 cxd4 13. Nxd4 a6 14. O-O e5 15. Nc2 Rf7 16. Rfd1 Qc7 17. Qb2 Nc6 18. Rac1 Qb6 19. Ne3 Be6 20. Rd6 Qc7 21. Rxe6 Qd7 22. Rexc6 bxc6 23. Bxc6 Qd8 24. Bxa8 Qxa8 1-0


[Site "https://www.chess.com"]

[Event "Titled Tuesday Blitz January 10 Late 2023"]
[White "De Arruda, Leandro Formes"]
[Black "Kim, Yoon-Young"]
[WhiteFideId "22722009"]
[BlackFideId "30908779"]
[WhiteElo "1980"]
[BlackElo "2304"]
[Result "0-1"]
[Round "02"]
[TimeControl "180+2"]
[Date "2023.01.10"]
[WhiteClock "0:00:03"]
[BlackClock "0:00:20"]

1. d4 Nf6 2. Nf3 d5 3. e3 c5 4. c3 g6 5. Nbd2 Bg7 6. Be2 O-O 7. O-O Nbd7 8. b3 Qc7 9. Bb2 e5 10. dxe5 Nxe5 11. Nxe5 Qxe5 12. Nf3 Qe7 13. c4 Rd8 14. cxd5 Nxd5 15. Bxg7 Kxg7 16. Qc1 b6 17. Qb2+ Qf6 18. Qxf6+ Kxf6 19. Rac1 Bb7 20. Rfd1 Nb4 21. a3 Nc6 22. Bc4 Na5 23. Nd2 Ke7 24. b4 Nxc4 25. Nxc4 cxb4 26. axb4 Rxd1+ 27. Rxd1 Rc8 28. Na3 a6 29. h3 Rc3 30. Ra1 Rb3 31. Nc2 Rb2 32. Rc1 Be4 33. Nd4 Rxb4 34. Rc7+ Kf8 35. f3 Bd5 36. Rd7 Be6 37. Ra7 a5 38. Nc6 Rc4 39. Ne5 Rb4 40. Nc6 Rb3 41. Kf2 Rb2+ 42. Kg3 Bc4 43. Ne5 Be6 44. h4 Kg7 45. Nc6 Kf6 46. Nd4 h5 47. e4 Ke5 48. Nc6+ Kd6 49. Nd8 Rb4 50. Kf4 Kc5 51. Rc7+ Kb5 52. Nb7 a4 53. Nd6+ Ka6 54. Ke5 a3 55. Re7 a2 56. Re8 Ka7 57. Re7+ Kb8 58. Re8+ Kc7 59. Ra8 Rb1 60. Ne8+ Kc6 0-1


[Site "https://www.chess.com"]

[Event "Titled Tuesday Blitz January 10 Late 2023"]
[White "rikchessmx"]
[Black "Korchmar, Vasiliy"]
[BlackFideId "24131750"]
[WhiteElo "2330"]
[BlackElo "2438"]
[Result "1/2-1/2"]
[Round "02"]
[TimeControl "180+2"]
[Date "2023.01.10"]
[WhiteClock "0:00:44"]
[BlackClock "0:00:15"]

1. e4 c5 2. Nf3 d6 3. d4 cxd4 4. Nxd4 Nf6 5. Nc3 Nc6 6. f4 g6 7. Nxc6 bxc6 8. Bd3 Bg4 9. Be2 Bxe2 10. Qxe2 Bg7 11. Be3 O-O 12. O-O Rb8 13. Rab1 Qa5 14. Bd2 Qc5+ 15. Kh1 Nd7 16. Qd3 Rb7 17. Na4 Qh5 18. b3 f5 19. c4 Nf6 20. exf5 gxf5 21. Qf3 Qxf3 22. Rxf3 Ne4 23. Be1 d5 24. Rc1 d4 25. c5 Rd7 26. Rd3 Bh6 27. g3 e5 28. Rc4 exf4 29. gxf4 Rfd8 30. Bh4 Re8 31. Rcxd4 Rg7 32. Rd8 Rxd8 33. Rxd8+ Kf7 34. Rd7+ Ke6 35. Rxg7 Bxg7 36. Kg2 Kd5 37. Bf2 Bd4 38. Be1 Nxc5 39. Nc3+ Bxc3 40. Bxc3 Ke4 41. Kg3 Nd3 42. Bd2 a6 43. b4 Nb2 44. Bc1 Nc4 45. Kh4 Ne3 46. Kg5 Nd5 47. h4 Nxb4 48. Kh6 Nd3 49. Bd2 Nxf4 50. Kxh7 Nh5 51. Kg6 Ng3 52. Be1 f4 53. h5 Nxh5 54. Kxh5 Ke3 55. Kg4 f3 56. Kg3 Ke2 57. Bf2 a5 58. Bc5 a4 59. a3 Kd3 60. Kxf3 Kc4 61. Bd6 Kb3 62. Ke3 Kc4 63. Kd2 Kb5 64. Kc3 Ka6 65. Kb4 Kb7 66. Kxa4 Ka7 67. Kb4 Kb7 68. Kc5 Ka7 69. Kxc6 Ka8 70. Bc7 Ka7 71. Kb5 Ka8 72. Bb6 Kb7 73. Ka5 Ka8 74. Ka6 Kb8 75. a4 Ka8 76. a5 Kb8 77. Bc5 Ka8 78. Kb6 Kb8 79. Bd6+ Ka8 80. Bc7 1/2-1/2


[Site "https://www.chess.com"]

[Event "Titled Tuesday Blitz January 10 Late 2023"]
[White "Jodorcovsky Werjivker, Paulo"]
[Black "Jakubowski, Krzysztof"]
[WhiteFideId "3700305"]
[BlackFideId "1112848"]
[WhiteElo "2182"]
[BlackElo "2486"]
[Result "1-0"]
[Round "02"]
[TimeControl "180+2"]
[Date "2023.01.10"]
[WhiteClock "0:01:06"]
[BlackClock "0:00:16"]

1. e4 c5 2. Nc3 a6 3. g3 b5 4. Bg2 Bb7 5. Nh3 e6 6. O-O Nc6 7. d3 Nf6 8. f4 d6 9. f5 e5 10. Bg5 Be7 11. Bxf6 Bxf6 12. Nd5 h6 13. c3 Nb8 14. Nxf6+ Qxf6 15. Qh5 Nd7 16. g4 O-O-O 17. a4 b4 18. a5 Bc6 19. Rac1 bxc3 20. bxc3 Kc7 21. Rb1 Rb8 22. g5 hxg5 23. Qxg5 Rxb1 24. Rxb1 Rb8 25. Rxb8 Nxb8 26. Qxf6 gxf6 27. Nf2 Kd7 28. Ng4 Ke7 29. h4 Nd7 30. h5 Kf8 31. Kf2 Ba4 32. Ke2 Bc2 33. Kd2 Bb3 34. Bf3 Kg7 35. Bd1 Bxd1 36. Kxd1 Kf8 37. Kc2 Ke7 38. Kb3 Nf8 39. Kc4 Kd7 40. Nxf6+ Kc6 41. h6 1-0


[Site "https://www.chess.com"]

[Event "Titled Tuesday Blitz January 10 Late 2023"]
[White "Sourath Biswas"]
[Black "Cepo, Toni"]
[WhiteFideId "35091484"]
[BlackFideId "4675916"]
[WhiteElo "2281"]
[BlackElo "2145"]
[Result "1-0"]
[Round "02"]
[TimeControl "180+2"]
[Date "2023.01.10"]
[WhiteClock "0:02:28"]
[BlackClock "0:00:25"]

1. d4 Nf6 2. Bf4 d5 3. e3 c6 4. c4 g6 5. Nc3 Bg7 6. h4 h5 7. Be2 Bf5 8. Qb3 Qb6 9. c5 Qxb3 10. axb3 Nbd7 11. b4 O-O 12. b5 Ne4 13. f3 Nxc3 14. bxc3 e5 15. Bg3 exd4 16. cxd4 Nxc5 17. bxc6 bxc6 18. Bd6 Nb3 19. Ra3 1-0


[Site "https://www.chess.com"]

[Event "Titled Tuesday Blitz January 10 Late 2023"]
[White "Harish, Neeraj"]
[Black "Klose, Eli"]
[WhiteFideId "30958130"]
[BlackFideId "16242955"]
[WhiteElo "2232"]
[BlackElo "1519"]
[Result "0-1"]
[Round "02"]
[TimeControl "180+2"]
[Date "2023.01.10"]
[WhiteClock "0:00:04"]
[BlackClock "0:01:31"]

1. e4 e6 2. d4 d5 3. e5 c5 4. c3 Qb6 5. Nf3 Bd7 6. Be2 Nc6 7. O-O f6 8. exf6 Nxf6 9. Bf4 Qxb2 10. Qd2 Qxd2 11. Nbxd2 cxd4 12. cxd4 Be7 13. Rab1 b6 14. Rfc1 O-O 15. Ne5 Nxd4 16. Bd3 Bc5 17. Nb3 Nxb3 18. Rxb3 Ba4 19. Rbb1 Ne4 20. Bxe4 Rxf4 21. Bf3 Rf6 22. h4 g6 23. Nd3 Bd6 24. Nb4 Raf8 25. Nc6 R8f7 26. Nd8 Re7 27. Nc6 Rc7 28. Nd4 Rxc1+ 29. Rxc1 Bc5 30. Nb3 Bxb3 31. axb3 a5 32. Rc2 Kf7 33. Kf1 Rf4 34. Ke2 Rxh4 35. Ra2 Rb4 36. Rb2 a4 0-1


[Site "https://www.chess.com"]

[Event "Titled Tuesday Blitz January 10 Late 2023"]
[White "Sarana, Alexey"]
[Black "Stanisz, Patryk"]
[WhiteFideId "24133795"]
[BlackFideId "1123106"]
[WhiteElo "2685"]
[BlackElo "2161"]
[Result "1-0"]
[Round "02"]
[TimeControl "180+2"]
[Date "2023.01.10"]
[WhiteClock "0:02:19"]
[BlackClock "0:00:04"]

1. d4 d5 2. c4 c6 3. Nc3 Nf6 4. Nf3 e6 5. e3 Nbd7 6. Bd3 dxc4 7. Bxc4 b5 8. Bd3 b4 9. Ne4 c5 10. O-O Bb7 11. Nxc5 Bxc5 12. dxc5 Nxc5 13. Bb5+ Ke7 14. Qe2 Qb6 15. Bd2 a5 16. Rac1 Rhd8 17. Rfd1 Rac8 18. Be1 Kf8 19. a3 bxa3 20. bxa3 Rxd1 21. Rxd1 Nce4 22. Qb2 Ba6 23. a4 Bxb5 24. axb5 Rb8 25. Nd4 e5 26. Nc6 Qxc6 27. bxc6 Rxb2 28. c7 Rc2 29. Rd8+ Ke7 30. c8=Q Rxc8 31. Rxc8 1-0


[Site "https://www.chess.com"]

[Event "Titled Tuesday Blitz January 10 Late 2023"]
[White "Mosadeghpour, Masoud"]
[Black "Miszler, Levente"]
[WhiteFideId "12519278"]
[BlackFideId "763276"]
[WhiteElo "2472"]
[BlackElo "2271"]
[Result "1-0"]
[Round "02"]
[TimeControl "180+2"]
[Date "2023.01.10"]
[WhiteClock "0:02:55"]
[BlackClock "0:02:05"]

1. e4 e6 2. d4 d5 3. exd5 exd5 4. Nf3 Nf6 5. Bd3 Bd6 6. O-O O-O 7. Bg5 h6 8. Bh4 c6 9. Nc3 Be6 10. Re1 Nbd7 11. Bg3 Bxg3 12. hxg3 Re8 13. Qd2 Qc7 14. Qf4 Qxf4 15. gxf4 Bg4 16. Ne5 Nxe5 17. fxe5 Nd7 18. f3 Be6 19. Ne2 c5 20. c3 c4 21. Bc2 b5 22. f4 Bg4 23. Ng3 a5 24. a3 g6 25. f5 gxf5 26. Bxf5 Bxf5 27. Nxf5 Kh7 28. Kf2 Nf8 29. Rh1 Ra6 30. Rh5 Ree6 31. Rah1 Rg6 32. Ne3 Ne6 33. Nxd5 Nf4 34. Nxf4 1-0


[Site "https://www.chess.com"]

[Event "Titled Tuesday Blitz January 10 Late 2023"]
[White "Freile Martin, Javier"]
[Black "Kozak, Adam"]
[WhiteFideId "3600165"]
[BlackFideId "753246"]
[WhiteElo "2329"]
[BlackElo "2572"]
[Result "0-1"]
[Round "02"]
[TimeControl "180+2"]
[Date "2023.01.10"]
[WhiteClock "0:00:22"]
[BlackClock "0:00:09"]

1. c4 g6 2. d4 Bg7 3. e4 d6 4. Nc3 Nc6 5. Nf3 e5 6. d5 Nd4 7. Be3 Bg4 8. Be2 Bxf3 9. Bxf3 Ne7 10. Qd2 Nxf3+ 11. gxf3 h5 12. f4 exf4 13. Bxf4 Qd7 14. O-O-O a6 15. Be3 b5 16. c5 dxc5 17. Bxc5 O-O 18. f4 Rfe8 19. Rhe1 a5 20. e5 Nf5 21. Ne4 b4 22. Kb1 Rad8 23. Qc2 Qb5 24. Rd2 a4 25. Qd3 Qb7 26. Qc4 b3 27. a3 Qa8 28. Rc1 Ne7 29. Bxe7 Rxe7 30. Nc5 Bh6 31. Rcd1 Qa5 32. Nxa4 Rxe5 33. fxe5 Bxd2 34. Nc5 Bh6 35. Nxb3 Qb6 36. e6 fxe6 37. Nc5 Bg7 38. Rd2 exd5 39. Qc2 Rd6 40. Na4 Qb5 41. Qxc7 Rc6 42. Qd8+ Kh7 43. Qxd5 Qxa4 44. Rg2 Rb6 45. Qd2 Qxa3 46. Qc2 Rxb2+ 47. Qxb2 Bxb2 48. Rxb2 Kh6 49. Rc2 Qd3 50. Kc1 Kg5 51. Rf2 Qe3+ 52. Rd2 Kh4 53. Kd1 Qxd2+ 54. Kxd2 Kh3 55. Ke2 Kxh2 56. Kf2 g5 57. Kf3 g4+ 58. Kf2 g3+ 59. Kf3 h4 60. Kg4 h3 61. Kf3 g2 62. Kg4 g1=Q+ 63. Kh4 Qg2 0-1


[Site "https://www.chess.com"]

[Event "Titled Tuesday Blitz January 10 Late 2023"]
[White "Nikologorsky, Matfei"]
[Black "Vasquez Schroeder, Rodrigo"]
[WhiteFideId "24102474"]
[BlackFideId "3400042"]
[WhiteElo "2182"]
[BlackElo "2524"]
[Result "0-1"]
[Round "02"]
[TimeControl "180+2"]
[Date "2023.01.10"]
[WhiteClock "0:00:16"]
[BlackClock "0:02:04"]

1. e4 c5 2. Nf3 d6 3. d4 cxd4 4. Nxd4 Nf6 5. Nc3 a6 6. h3 e6 7. g4 h6 8. Be3 b5 9. Bg2 Bb7 10. a3 Nbd7 11. Qe2 Rc8 12. f4 Rxc3 13. bxc3 Nxe4 14. Bxe4 Bxe4 15. O-O d5 16. Rad1 Qh4 17. Qh2 Bd6 18. Bf2 Qd8 19. Bg3 Qc7 20. Qd2 Nb6 21. Rde1 Nc4 22. Qf2 h5 23. g5 g6 24. Bh2 O-O 25. Nf3 Bxf3 26. Qxf3 Nd2 27. Qd3 Nxf1 28. Rxf1 Rc8 29. Rf3 Qc4 30. Qd2 Qe4 31. Rd3 Bc5+ 32. Rd4 Bxd4+ 0-1


[Site "https://www.chess.com"]

[Event "Titled Tuesday Blitz January 10 Late 2023"]
[White "Doluhanova, Evgeniya"]
[Black "Mahdavi, Reza"]
[WhiteFideId "14112035"]
[BlackFideId "12595926"]
[WhiteElo "2275"]
[BlackElo "2339"]
[Result "0-1"]
[Round "02"]
[TimeControl "180+2"]
[Date "2023.01.10"]
[WhiteClock "0:01:00"]
[BlackClock "0:00:54"]

1. c4 g6 2. Nc3 Bg7 3. g3 d6 4. Bg2 Nc6 5. d3 Bd7 6. Nf3 Qc8 7. O-O Bh3 8. Nd5 Bxg2 9. Kxg2 h5 10. h4 Nf6 11. Bg5 Nd7 12. b4 e6 13. b5 exd5 14. bxc6 bxc6 15. cxd5 cxd5 16. Rc1 Rb8 17. Qa4 c5 18. e4 O-O 19. exd5 Nb6 20. Qf4 Qd7 21. Rfe1 Nxd5 22. Qe4 Nc3 23. Qe7 Qc6 24. Qxa7 Ra8 25. Qe7 Rfe8 0-1


[Site "https://www.chess.com"]

[Event "Titled Tuesday Blitz January 10 Late 2023"]
[White "Tan, Zhongyi"]
[Black "Dedona, Mark"]
[WhiteFideId "8603642"]
[BlackFideId "30920256"]
[WhiteElo "2517"]
[BlackElo "1662"]
[Result "1-0"]
[Round "02"]
[TimeControl "180+2"]
[Date "2023.01.10"]
[WhiteClock "0:00:56"]
[BlackClock "0:01:02"]

1. Nf3 Nf6 2. g3 g6 3. Bg2 Bg7 4. c4 O-O 5. O-O e6 6. d4 d5 7. Nc3 a6 8. c5 Nc6 9. Rb1 Re8 10. Bf4 Nh5 11. Bg5 Bf6 12. Bxf6 Qxf6 13. e3 Bd7 14. b4 Na7 15. a4 Rad8 16. Ne5 Qg7 17. b5 axb5 18. axb5 f6 19. Nxd7 Qxd7 20. Qb3 Nc8 21. Rfc1 c6 22. Na4 e5 23. bxc6 bxc6 24. Nb6 Nxb6 25. cxb6 Rb8 26. Rxc6 e4 27. Rc7 Qd6 28. Bh3 f5 29. Bf1 Re6 30. Qa4 g5 31. Rd7 Qf8 32. Rxd5 f4 33. Rxg5+ Rg6 34. Bc4+ Kh8 35. Rxg6 hxg6 36. exf4 Nxf4 37. gxf4 Qxf4 38. Qd7 Rf8 39. Qh3+ Kg7 40. Qg3 Qd2 41. b7 Rf3 42. b8=Q Rxg3+ 43. hxg3 e3 44. Qe5+ Kh7 45. Rb7+ Kh6 46. Qf4+ g5 47. Qf6+ Kh5 48. Rh7+ Kg4 49. Be6# 1-0


[Site "https://www.chess.com"]

[Event "Titled Tuesday Blitz January 10 Late 2023"]
[White "Kaganskiy, Gleb"]
[Black "Domingo Nunez, Alejandro"]
[WhiteFideId "4132025"]
[BlackFideId "22245561"]
[WhiteElo "2205"]
[BlackElo "2338"]
[Result "0-1"]
[Round "02"]
[TimeControl "180+2"]
[Date "2023.01.10"]
[WhiteClock "0:02:12"]
[BlackClock "0:02:45"]

1. e4 g6 2. d4 Bg7 3. Nc3 c6 4. f4 d5 5. e5 f6 6. Nf3 Nh6 7. Be3 O-O 8. Be2 Bg4 9. h3 Bxf3 10. Bxf3 Nf5 11. Bf2 fxe5 12. dxe5 e6 13. Qd2 Nh4 14. Bg4 Nxg2+ 15. Kf1 Nxf4 0-1


[Site "https://www.chess.com"]

[Event "Titled Tuesday Blitz January 10 Late 2023"]
[White "Gubajdullin, Alexei"]
[Black "Sivakumar, Shaashwath"]
[WhiteFideId "4141202"]
[BlackFideId "30912156"]
[WhiteElo "2285"]
[BlackElo "2198"]
[Result "0-1"]
[Round "02"]
[TimeControl "180+2"]
[Date "2023.01.10"]
[WhiteClock "0:00:06"]
[BlackClock "0:00:08"]

1. d4 d5 2. Nf3 Nf6 3. Bf4 c5 4. e3 Nc6 5. Nbd2 e6 6. c3 Bd6 7. Bg3 O-O 8. Bd3 b6 9. Ne5 Bb7 10. f4 Ne7 11. Qf3 Nf5 12. Bf2 Be7 13. g4 Nd6 14. g5 Nfe4 15. h4 Nxd2 16. Kxd2 Ne4+ 17. Ke2 f6 18. gxf6 Bxf6 19. Rag1 Bxe5 20. dxe5 Qc8 21. Rh2 Ba6 22. c4 Qb7 23. Rhg2 Rf7 24. b3 b5 25. cxd5 exd5 26. e6 Re7 27. f5 Rf8 28. Be1 b4 29. Bxa6 Qxa6+ 30. Kd1 Qd3+ 31. Kc1 c4 32. Bxb4 cxb3 33. Bxe7 b2+ 34. Kxb2 Qc3+ 35. Kb1 Rb8+ 0-1


[Site "https://www.chess.com"]

[Event "Titled Tuesday Blitz January 10 Late 2023"]
[White "Mikhailov, Viacheslav"]
[Black "Perez Rodriguez, Jennifer"]
[WhiteFideId "4187369"]
[BlackFideId "3507831"]
[WhiteElo "2428"]
[BlackElo "2242"]
[Result "0-1"]
[Round "02"]
[TimeControl "180+2"]
[Date "2023.01.10"]
[WhiteClock "0:00:01"]
[BlackClock "0:00:09"]

1. d4 d5 2. Nf3 Nf6 3. Bf4 c5 4. c3 Nc6 5. e3 Bf5 6. Bd3 Bxd3 7. Qxd3 e6 8. O-O Bd6 9. Bg3 O-O 10. Nbd2 Re8 11. e4 Bxg3 12. hxg3 cxd4 13. e5 Nd7 14. cxd4 h6 15. a3 a5 16. Rfc1 Qb6 17. Rc2 a4 18. Rac1 Ra5 19. g4 Rb5 20. g5 hxg5 21. Nxg5 Nf8 22. Ndf3 Rxb2 23. Rxb2 Qxb2 24. Rb1 Qa2 25. Rxb7 Re7 26. Rb6 Rc7 27. Ra6 Qb3 28. Qe2 Qb1+ 29. Kh2 Qf5 30. Ra8 Nxd4 31. Nxd4 Qxg5 32. Qb2 Qh6+ 33. Kg3 Qg5+ 34. Kh2 Qxe5+ 35. g3 Qe4 36. Rxf8+ Kxf8 37. Qb8+ Ke7 38. Qxc7+ Kf6 39. Qc3 Qh7+ 40. Kg2 Qe4+ 41. Nf3+ Kg6 42. Qd4 Qxd4 43. Nxd4 e5 44. Nb5 d4 45. Kf3 f5 46. Ke2 Kg5 47. f3 e4 48. Nxd4 exf3+ 49. Kxf3 Kf6 0-1


[Site "https://www.chess.com"]

[Event "Titled Tuesday Blitz January 10 Late 2023"]
[White "Domingo Nunez, Ruben"]
[Black "Melikhov, Evgeny V."]
[WhiteFideId "22245570"]
[BlackFideId "4122046"]
[WhiteElo "2416"]
[BlackElo "2269"]
[Result "1/2-1/2"]
[Round "02"]
[TimeControl "180+2"]
[Date "2023.01.10"]
[WhiteClock "0:00:15"]
[BlackClock "0:00:17"]

1. b3 e5 2. Bb2 Nc6 3. e3 a6 4. Nf3 e4 5. Nd4 Nxd4 6. Bxd4 d5 7. d3 h5 8. dxe4 dxe4 9. Bc4 Bf5 10. a4 Ne7 11. Qe2 Nc6 12. Bb2 Qg5 13. Nc3 Qxg2 14. Qf1 Qxf1+ 15. Rxf1 O-O-O 16. Nd5 Bg4 17. Bc3 Rh6 18. Rg1 Rhd6 19. h3 Bf3 20. Bxg7 Bxg7 21. Rxg7 Rxd5 22. Bxd5 Rxd5 23. Rxf7 Nb4 24. Kf1 Nxc2 25. Rc1 c6 26. Kg1 Kb8 27. Rxc2 Rd1+ 28. Kh2 h4 29. Rxf3 exf3 30. Rc4 Rd2 31. Rxh4 Rxf2+ 32. Kg3 Rb2 33. Kxf3 Rxb3 34. Rc4 Kc7 35. h4 b5 36. axb5 axb5 37. Rc1 Ra3 38. h5 Ra8 39. h6 Rh8 40. Rh1 Kd6 41. Kf4 b4 42. Kg5 Ke5 43. Kg6 c5 44. Rc1 Kd5 45. Kg7 Rb8 46. e4+ Kxe4 47. Rxc5 Kd4 48. Rc1 b3 49. h7 b2 50. Rb1 Kc3 51. Rf1 Kc2 52. Rf2+ Kc1 53. Rf1+ Kc2 54. Rf2+ Kc1 55. Rg2 b1=Q 56. Rg1+ Kc2 57. Rxb1 Kxb1 58. h8=Q Rxh8 59. Kxh8 1/2-1/2


[Site "https://www.chess.com"]

[Event "Titled Tuesday Blitz January 10 Late 2023"]
[White "Rian, Kapriaga"]
[Black "Abrahamyan, Tatev"]
[WhiteFideId "7103263"]
[BlackFideId "13301918"]
[WhiteElo "2089"]
[BlackElo "2294"]
[Result "0-1"]
[Round "02"]
[TimeControl "180+2"]
[Date "2023.01.10"]
[WhiteClock "0:00:05"]
[BlackClock "0:00:07"]

1. d4 Nf6 2. Nf3 e6 3. Bf4 b6 4. e3 Bb7 5. Be2 Be7 6. h3 c5 7. O-O O-O 8. c3 cxd4 9. exd4 d6 10. a4 a6 11. Nbd2 Nbd7 12. Bh2 Qc7 13. Re1 Rfe8 14. Bf1 Bf8 15. Nc4 Bc6 16. Ne3 Qb7 17. Nd2 b5 18. axb5 axb5 19. Qb3 g6 20. Be2 e5 21. Bf3 exd4 22. cxd4 Nb6 23. Bxc6 Qxc6 24. Rec1 Rxa1 25. Rxa1 Nbd5 26. Nxd5 Nxd5 27. Bg3 h6 28. Rd1 Bg7 29. Nb1 Re2 30. Nc3 Nxc3 31. bxc3 h5 32. Rb1 Qe4 33. Qxb5 h4 34. Bxd6 Qc2 35. Rf1 Qxc3 36. Be5 Rc2 37. Bxg7 Kxg7 38. Qe5+ Kh7 39. Qf4 Rd2 40. Qxh4+ Kg7 41. Qf4 Rxd4 42. Qe5+ Kh7 43. Qf6 Kg8 0-1


[Site "https://www.chess.com"]

[Event "Titled Tuesday Blitz January 10 Late 2023"]
[White "Ismagilov, Damir"]
[Black "Weisz, Bryan"]
[WhiteFideId "34199982"]
[BlackFideId "30934133"]
[WhiteElo "2156"]
[BlackElo "1973"]
[Result "1-0"]
[Round "02"]
[TimeControl "180+2"]
[Date "2023.01.10"]
[WhiteClock "0:00:10"]
[BlackClock "0:00:09"]

1. e4 e6 2. d4 Qe7 3. Nf3 Kd8 4. Nc3 Qe8 5. Bf4 d5 6. Bd3 Nf6 7. O-O c6 8. Ne5 Nfd7 9. exd5 cxd5 10. Nb5 a6 11. Nc7 Kxc7 12. Nxf7+ e5 13. Nxh8 exf4 14. c4 Bd6 15. cxd5 Qxh8 16. Rc1+ Kd8 17. Re1 Nf6 18. Qb3 b5 19. a4 b4 20. Qc4 Bd7 21. f3 Ra7 22. Qb3 Qg8 23. Bc4 Rc7 24. Qd3 Nxd5 25. Qe4 Bc6 26. Bb3 Nf6 27. Qd3 Bd5 28. Bc2 Nbd7 29. Qf5 g6 30. Qd3 Qf7 31. Qxa6 Qf8 32. Bd3 Nb8 33. Qb6 Kc8 34. a5 Qd8 35. a6 Rxc1 36. Rxc1+ Bc6 37. Qb7# 1-0


[Site "https://www.chess.com"]

[Event "Titled Tuesday Blitz January 10 Late 2023"]
[White "Mazurkiewicz, Michal"]
[Black "Perske, Thore"]
[WhiteFideId "1124943"]
[BlackFideId "12902195"]
[WhiteElo "2145"]
[BlackElo "2448"]
[Result "0-1"]
[Round "02"]
[TimeControl "180+2"]
[Date "2023.01.10"]
[WhiteClock "0:00:03"]
[BlackClock "0:00:24"]

1. e4 e6 2. d3 d5 3. Nd2 c5 4. Ngf3 Nc6 5. g3 g6 6. Bg2 Bg7 7. O-O Nge7 8. Re1 O-O 9. e5 Qc7 10. Qe2 g5 11. Nxg5 Qxe5 12. Nde4 dxe4 13. Bf4 Qxb2 14. Rab1 Qf6 15. Nxe4 Qg6 16. Nxc5 Nd5 17. Bd2 b6 18. Ne4 Nd4 19. Qd1 Bd7 20. c3 Nc6 21. c4 Nf6 22. h4 Nxe4 23. Bxe4 f5 24. Bf3 Rad8 25. Bh5 Qf6 26. Bg5 Qd4 27. Bxd8 Rxd8 28. a4 Ne5 29. a5 Nxd3 30. axb6 Nxe1 31. b7 Nd3 32. b8=Q Qxf2+ 33. Kh1 Bc6+ 34. Bf3 Bxf3+ 35. Qxf3 Qxf3+ 36. Kh2 Rxb8 37. Rxb8+ Bf8 38. Rb7 Bd6 39. Rb8+ Bxb8 40. h5 Qxg3+ 41. Kh1 Qh2# 0-1


[Site "https://www.chess.com"]

[Event "Titled Tuesday Blitz January 10 Late 2023"]
[White "Souleidis, Georgios"]
[Black "Gerbelli Neto, Eduardo"]
[WhiteFideId "4206827"]
[BlackFideId "2103281"]
[WhiteElo "2419"]
[BlackElo "2114"]
[Result "1-0"]
[Round "02"]
[TimeControl "180+2"]
[Date "2023.01.10"]
[WhiteClock "0:00:06"]
[BlackClock "0:00:09"]

1. e4 e5 2. Nc3 Nf6 3. d4 exd4 4. Qxd4 Nc6 5. Qd3 g6 6. Bg5 Be7 7. O-O-O d6 8. f3 O-O 9. h4 Be6 10. g4 Ne5 11. Qd2 Bc4 12. Bxc4 Nxc4 13. Qe2 Ne5 14. Nh3 c6 15. h5 b5 16. hxg6 fxg6 17. Bh6 Re8 18. Nf4 Bf8 19. Bxf8 Kxf8 20. g5 Ng8 21. Qg2 Re7 22. Nce2 Qa5 23. Kb1 Rd8 24. Nd4 Ke8 25. Nb3 Qc7 26. Qh3 Qc8 27. Qg3 Rf7 28. Rdf1 Ke7 29. Nd3 Nxd3 30. cxd3 Rdf8 31. f4 Qe6 32. Qe3 c5 33. Nd2 Kd8 34. d4 c4 35. d5 Qc8 36. Ka1 Rc7 37. Nb1 b4 38. Rc1 a5 39. Rhf1 Ne7 40. Qd4 a4 41. Rf2 c3 42. bxc3 b3 43. Na3 Qb7 44. c4 Qb4 45. Nb5 Rb7 46. Qc3 Qc5 47. Rb2 bxa2 48. Rxa2 Nc8 49. Qa5+ Nb6 50. Rxa4 Kd7 51. Ra2 Nxc4 52. Rxc4 Qxb5 53. Qxb5+ Rxb5 54. Ra7+ Kd8 55. Ra8+ Ke7 56. Rc7# 1-0


[Site "https://www.chess.com"]

[Event "Titled Tuesday Blitz January 10 Late 2023"]
[White "Fernandez Siles, Luis"]
[Black "O`Gorman, Tom"]
[WhiteFideId "2209420"]
[BlackFideId "2508249"]
[WhiteElo "2218"]
[BlackElo "2355"]
[Result "1-0"]
[Round "02"]
[TimeControl "180+2"]
[Date "2023.01.10"]
[WhiteClock "0:00:04"]
[BlackClock "0:00:20"]

1. d4 Nf6 2. c4 e6 3. Nf3 b6 4. a3 Bb7 5. Nc3 d5 6. cxd5 exd5 7. Bg5 Nbd7 8. e3 a6 9. b4 Bd6 10. Bd3 O-O 11. O-O h6 12. Bh4 Re8 13. Qb3 c6 14. e4 dxe4 15. Nxe4 Be7 16. Ng3 Nd5 17. Bxe7 Qxe7 18. Nf5 Qf6 19. Rae1 Nf8 20. Ne5 Re6 21. Ne3 Rae8 22. Nxd5 cxd5 23. Bb1 Qf4 24. Qd3 g6 25. Re3 Qf6 26. Rf3 Qe7 27. Rxf7 Qxf7 28. Nxf7 Kxf7 29. Qh3 Kg7 30. Qg3 R8e7 31. h4 Nd7 32. h5 g5 33. Qd3 Nf8 34. Kh2 Re4 35. Qc3 Rh4+ 36. Kg1 Rxh5 37. Re1 Rxe1+ 38. Qxe1 Kf7 39. Qe5 Ne6 40. Bf5 Bc8 41. Qxd5 Rh4 42. Qd6 Rf4 43. Bc2 Rxd4 44. Qxb6 Rd2 45. Bf5 Rd1+ 46. Kh2 Rd8 47. Bxe6+ Bxe6 48. Qxd8 1-0


[Site "https://www.chess.com"]